 Dungeon Crawl Stone Soup version 0.29.0-10-g45618ea6d2 (webtiles) character file.

Game seed: 8999711504108862687

1344 iguanaiguana the Cleaver (level 8, -12/71 HPs)
             Began as a Minotaur Fighter on Sept 2, 2022.
             Was an Initiate of Gozag.
             Mangled by Menkaure (16 damage)
             ... on level 7 of the Dungeon.
             The game lasted 00:04:14 (5972 turns).

iguanaiguana the Cleaver (Minotaur Fighter)         Turns: 5972, Time: 00:04:14

Health: -12/71     AC: 10    Str: 24    XL:     8   Next: 36%
Magic:  7/7        EV:  8    Int:  5    God:    Gozag
Gold:   558        SH:  9    Dex:  9    Spells: 7/7 levels left

rFire   . . .      SeeInvis .   a - +0 war axe
rCold   . . .      Faith    .   i - +0 kite shield
rNeg    . . .      Spirit   .   b - +0 scale mail
rPois   .          Reflect  .   (helmet restricted)
rElec   .          Harm     .   t - +0 cloak
rCorr   .          Rampage  .   o - +0 pair of gloves
Will    .....                   (no boots)
Stlth   ..........              (no amulet)
HPRegen 0.21/turn               (no ring)
MPRegen 0.10/turn               (no ring)

@: no status effects
A: horns 2, retaliatory headbutt
a: Renounce Religion, Potion Petition, Call Merchant, Bribe Branch


You were on level 7 of the Dungeon.
You worshipped Gozag.
Gozag was pleased with you.
You visited 2 branches of the dungeon, and saw 8 of its levels.

You collected 580 gold pieces.
You paid 22 gold pieces to Gozag.

Inventory:

Hand Weapons
 a - a +0 war axe (weapon)
 v - a +4 quarterstaff of chaos
Missiles
 m - 11 poisoned darts (quivered)
 w - 11 boomerangs
Armour
 b - a +0 scale mail (worn)
 c - a +0 buckler
 i - a +0 kite shield (worn)
 o - a +0 pair of gloves (worn)
 t - a +0 cloak (worn)
Jewellery
 q - a ring of wizardry
 y - a ring of positive energy
Wands
 n - a wand of flame (39)
Scrolls
 e - 2 scrolls of teleportation {@r3}
 g - 2 scrolls of poison
 h - a scroll of noise
 k - 2 scrolls of identify {@r1}
 l - a scroll of fear
 r - a scroll of torment
 x - a scroll of fog {unknown}
 B - a scroll of vulnerability {unknown}
Potions
 d - 2 potions of might {@q3}
 f - 3 potions of mutation
 j - a potion of flight
 p - a potion of attraction
 s - a potion of haste {@q4}
 u - 2 potions of lignification {unknown}
 z - a potion of heal wounds {unknown}
 A - a potion of curing {unknown}


   Skills:
 + Level 6.6 Fighting
 * Level 8.1 Axes
 + Level 6.5 Armour
 + Level 6.5 Shields


You had 7 spell levels left.
You didn't know any spells.
Your spell library contained the following spells:

 Spells                   Type           Power      Damage    Failure   Level
 Magic Dart               Conj           0%         1d3       97%         1
 Ensorcelled Hibernation  Hex/Ice        0%         N/A       99%         2
 Passwall                 Tmut/Erth      0%         N/A       99%         2
 Searing Ray              Conj           0%         2d4       99%         2
 Conjure Flame            Conj/Fire      0%         6-21      100%        3
 Ignite Poison            Fire/Tmut/Pois 0%         N/A       100%        3
 Mephitic Cloud           Conj/Pois/Air  0%         N/A       100%        3
 Spider Form              Tmut/Pois      0%         N/A       100%        3
 Swiftness                Air            0%         N/A       100%        3
 Anguish                  Hex/Necr       0%         N/A       100%        4
 Fulminant Prism          Conj/Hex       0%         3d6       100%        4
 Sticky Flame             Conj/Fire      0%         2d3       100%        4
 Freezing Cloud           Conj/Ice/Air   0%         6-21      100%        5


Dungeon Overview and Level Annotations

Branches:
Dungeon (7/15) Zot: 26933  Temple (1/1) D:4 Zot: 5730

Altars:
Ashenzari
Cheibriados
Dithmenos
Elyvilon
Fedhas
Gozag
Kikubaaqudgha
Makhleb
Nemelex Xobeh
Okawaru
Qazlal
Ru
Sif Muna
Trog
Uskayaw
Wu Jian
Xom
Yredelemnul
Zin
The Shining One

Annotations:
D:5 2 runed translucent doors, Werew's ghost, weakling HODe
D:7 Menkaure


Innate Abilities, Weirdness & Mutations

You have a pair of horns on your head.
You reflexively headbutt those who attack you in melee.


Message History

You kill the orc!
You hit Menkaure.
Menkaure is lightly damaged.
You are too injured to fight recklessly!
You are too injured to fight recklessly!
You are too injured to fight recklessly!
You slash Menkaure!
Menkaure is severely damaged.
Menkaure is distracted by your dazzling golden aura.
You barely miss Menkaure.
Menkaure is no longer distracted by gold.
Menkaure shouts!
Menkaure is severely damaged.
Menkaure hits you!
* * * LOW HITPOINT WARNING * * *
You are too injured to fight recklessly!
You are too injured to fight recklessly!
You are too injured to fight recklessly!
You barely miss Menkaure.
Menkaure is severely damaged.
You are too injured to fight recklessly!
You are too injured to fight recklessly!
You are too injured to fight recklessly!
You slash Menkaure!
Menkaure is almost destroyed.
Menkaure hits you!
* * * LOW HITPOINT WARNING * * *
You are too injured to fight recklessly!
You are too injured to fight recklessly!
You are too injured to fight recklessly!
You barely miss Menkaure.
Menkaure is almost destroyed.
Menkaure calls on the powers of darkness!
Your body is wracked with pain!
* * * LOW HITPOINT WARNING * * *
You hit Menkaure but do no damage.
Menkaure is almost destroyed.
Menkaure hits you!
You die...
Your body crumbles into a pile of gold.

##.....# #<#
#.o....# #.#
####.#########.###.#
#....# #.......#
#o#### #.#.##### #.#
#.#.# #.# #.#.#
#.##########.#..
#.M@.........###
##############


You could see Menkaure.

Vanquished Creatures
  A steam dragon (D:6)
  2 water moccasins
  A black bear (D:5)
  A phantom (D:5)
  A necrophage (D:5)
  2 scorpions
  Crazy Yiuf (D:3)
  A hound (D:5)
  5 orc priests
  A jelly (D:6)
  A gnoll bouda (D:5)
  3 iguanas
  2 orc wizards (D:4)
  Robin (D:4)
  8 gnolls
  5 adders
  A shadow imp (D:6)
  A white imp (D:6)
  2 ufetubi
  3 worms
  3 dart slugs (D:1)
  15 orcs
  5 ball pythons
  A bat zombie (D:2)
  8 endoplasms
  2 giant cockroaches
  12 goblins
  8 hobgoblins
  5 jackals
  7 kobolds
  3 quokkas
  A ball python zombie (D:2)
  4 bats
  5 frilled lizards
  2 jackal skeletons (D:2)
  3 rats
127 creatures vanquished.

Vanquished Creatures (others)
  11 plants (D:4)
  2 withered plants (D:2)
13 creatures vanquished.

Grand Total: 140 creatures vanquished

Notes
Turn   | Place    | Note
-------+----------+-------------------------------------------
     0 | D:1      | iguanaiguana the Minotaur Fighter began the quest for the
                  | Orb.
     0 | D:1      | Reached XP level 1. HP: 19/19 MP: 0/0
   152 | D:1      | Reached XP level 2. HP: 21/27 MP: 1/1
   227 | D:1      | Reached skill level 3 in Axes
   834 | D:1      | Reached XP level 3. HP: 33/33 MP: 2/2
  1223 | D:2      | Reached XP level 4. HP: 32/40 MP: 3/3
  1344 | D:2      | Reached skill level 4 in Axes
  1637 | D:2      | You fall into a shaft and drop 2 floors!
  1642 | D:4      | Found a stormy altar of Qazlal.
  1797 | D:4      | Reached XP level 5. HP: 22/47 MP: 4/4
  2107 | D:4      | Noticed Robin
  2114 | D:4      | Killed Robin
  2315 | D:4      | Reached skill level 5 in Axes
  2415 | D:4      | Found a staircase to the Ecumenical Temple.
  2437 | D:4      | Reached XP level 6. HP: 34/55 MP: 5/5
  2560 | Temple   | Entered the Ecumenical Temple
  2769 | Temple   | Became a worshipper of Gozag Ym Sagoz the Greedy
  2836 | D:4      | Found a basalt altar of Yredelemnul.
  2878 | D:4      | Reached skill level 5 in Fighting
  2878 | D:4      | Reached skill level 5 in Shields
  2969 | D:4      | Found a shimmering altar of Xom.
  3073 | D:4      | Found a blossoming altar of Fedhas.
  3301 | D:3      | Reached skill level 5 in Armour
  3574 | D:3      | Found a runed translucent door.
  3575 | D:3      | Noticed Crazy Yiuf
  3713 | D:3      | Killed Crazy Yiuf
  3792 | D:5      | Entered Level 5 of the Dungeon
  3899 | D:5      | Reached skill level 6 in Axes
  4049 | D:5      | Found a large runed translucent door.
  4051 | D:5      | Found a large runed translucent door.
  4090 | D:5      | Noticed Werew's ghost (weakling HODe)
  4112 | D:5      | Reached XP level 7. HP: 61/61 MP: 6/6
  4446 | D:5      | Reached skill level 7 in Axes
  5029 | D:5      | Reached XP level 8. HP: 66/70 MP: 7/7
  5383 | D:6      | Found an iron altar of Okawaru.
  5525 | D:6      | Found a glowing golden altar of the Shining One.
  5548 | D:6      | Found a shadowy altar of Dithmenos.
  5550 | D:6      | Found a bloodstained altar of Trog.
  5550 | D:6      | Found a glowing silver altar of Zin.
  5551 | D:6      | Found a sparkling altar of Nemelex Xobeh.
  5939 | D:7      | Noticed Menkaure
  5960 | D:7      | Reached skill level 8 in Axes
  5972 | D:7      | Mangled by Menkaure

Illustrated notes

Levels and vault maps discovered:
D:1:      roderic_crossed_star, layout_basic, hangedman_decor_growths
D:2:      layout_basic, serial_undead, serial_undead_a, serial_undead_b,
          serial_undead_a, serial_undead_f, chequers_ecumenical_altar_twisty,
          solitary_fountain
D:3:      layout_rooms, corexii_corridor_pit, uniq_crazy_yiuf_cottage
D:4:      layout_loops_cross, general_overflow_altar, amcnicky_altar_gilded,
          lemuel_coloured_pillars_altar, fedhas_altar_decomposition,
          minmay_temple_entry_grid, amcnicky_mini_pool_small,
          lemuel_old_faithful, uniq_robin
D:5:      layout_basic, ebering_ghost_disaster_area
D:6:      layout_basic, tso_metal_star,
          chequers_temple_overflow_statue_of_worship, okawaru_metal_pillars_1_2
D:7:      layout_basic, kennysheep_donut, minmay_liquid_box, st_stairs_8,
          nicolae_shop_self_help, uniq_pikel, uniq_menkaure,
          uniq_prince_ribbit1, uniq_maggie
Temple:   chequers_temple_sunken

Skill      XL: |  1  2  3  4  5  6  7  8 |
---------------+-------------------------+-----
Axes           | 3 4 5 6 7 8 |  8.1
Fighting       | 4 5 6 |  6.6
Shields        | 4 5 6 |  6.5
Armour         | 4 5 6 |  6.5

Action                   |  1- 3 |  4- 6 |  7- 9 || total
-------------------------+-------+-------+-------++-------
Melee: War axe           |    64 |   135 |    91 ||   290
       Headbutt          |    10 |    14 |    15 ||    39
  Use: Scroll            |       |       |     9 ||     9
Armor: Scale mail        |    35 |    62 |    32 ||   129
Dodge: Dodged            |    38 |    57 |    38 ||   133
Block: Buckler           |    18 |    25 |       ||    43
       Kite shield       |       |     5 |    52 ||    57
